 Dungeon Crawl Stone Soup version 0.29.1 (webtiles) character file.

Game seed: 14553715317479984491

112 funnyparkerb the Slasher (level 4, -3/35 HPs)
             Began as a Merfolk Monk on Sept 13, 2022.
             Killed by nerve-wracking pain
             ... invoked by Grinder
              (14 damage)
             ... on level 3 of the Dungeon.
             The game lasted 00:03:13 (2635 turns).

funnyparkerb the Slasher (Merfolk Monk)             Turns: 2635, Time: 00:03:13

Health: -3/35      AC: 11    Str: 11    XL:     4   Next: 93%
Magic:  13/13      EV: 12    Int: 11    God:
Gold:   88         SH:  0    Dex: 18    Spells: 3/3 levels left

rFire   . . .      SeeInvis .   a - +0 long sword
rCold   . . .      Faith    .   (no shield)
rNeg    . . .      Spirit   .   y - +1 ring mail of Veoguadim {Int+2}
rPois   .          Reflect  .   v - +0 helmet
rElec   .          Harm     .   s - +0 cloak
rCorr   +          Rampage  .   q - +0 pair of gloves
Will    .....                   z - +1 pair of boots
Stlth   ++........              p - amulet of magic regeneration
HPRegen 0.11/turn               l - ring of resist corrosion
MPRegen 0.53/turn               t - ring of magical power

@: no status effects
A: (nimble swimmer 2), mertail
a: no special abilities


You were on level 3 of the Dungeon.
You visited 1 branch of the dungeon, and saw 3 of its levels.

You collected 88 gold pieces.

Inventory:

Hand Weapons
 a - a +0 long sword (weapon)
Armour
 q - a +0 pair of gloves (worn)
 s - a +0 cloak (worn)
 v - a +0 helmet (worn)
 y - the +1 ring mail of Veoguadim (worn) {Int+2}
   (You found it on level 3 of the Dungeon)

   Int:       It affects your intelligence (+2).
 z - a +1 pair of boots (worn)
Jewellery
 l - a ring of resist corrosion (left hand)
 p - an amulet of magic regeneration (around neck)
 t - a ring of magical power (right hand)
Wands
 w - a wand of quicksilver (9)
Scrolls
 d - 6 scrolls of identify {unknown}
 h - a scroll of enchant armour {unknown}
 j - 2 scrolls of enchant weapon {unknown}
 k - 2 scrolls of vulnerability {unknown}
 n - 2 scrolls of teleportation {unknown}
 o - a scroll of immolation {unknown}
 r - 2 scrolls of blinking {unknown}
 x - a scroll of poison {unknown}
Potions
 b - a potion of lignification {unknown}
 c - a potion of ambrosia
 f - 2 potions of curing {unknown}
 g - a potion of attraction {unknown}
 i - 2 potions of heal wounds {unknown}
 m - 2 potions of degeneration {unknown}
 u - a potion of resistance {unknown}


   Skills:
 - Level 3.2 Fighting
 + Level 6.6 Long Blades
 - Level 4.0 Dodging
 - Level 2.1 Stealth


You had 3 spell levels left.
You didn't know any spells.
Your spell library contained the following spells:

 Spells                   Type           Power      Damage    Failure   Level
 Sting                    Tmut/Pois      0%         1d3       65%         1
 Poisonous Vapours        Pois/Air       0%         N/A       78%         2
 Olgreb's Toxic Radiance  Pois           0%         N/A       100%        4


Dungeon Overview and Level Annotations

Branches:
Dungeon (3/15)

Altars:

Annotations:
D:3 Grinder


Innate Abilities, Weirdness & Mutations

((You are very nimble when in or above water. (Stealth+, EV+, Speed+++)))
Your lower body shifts to a powerful aquatic tail in water.


Message History

Grinder gestures at you. Pain shoots through your body!
Grinder gestures at you.
You barely resist. You hit Grinder.
Grinder is moderately wounded.
Grinder hits you.
You writhe in agony.
You hit Grinder but do no damage.
Grinder is moderately wounded.
Grinder hits you but does no damage.
You slash Grinder! You punch Grinder, but do no damage.
Grinder is heavily wounded.
Grinder closely misses you.
You barely miss Grinder.
Grinder is heavily wounded.
Grinder hits you but does no damage.
You closely miss Grinder.
Grinder is heavily wounded.
Grinder hits you.
You writhe in agony.
Grinder hits you.
You writhe in agony.
You hit Grinder.
Grinder is heavily wounded.
Grinder hits you.
You writhe in agony.
You are too injured to fight recklessly!
You are too injured to fight recklessly!
You are too injured to fight recklessly!
You are too injured to fight recklessly!
You barely miss Grinder.
Grinder is heavily wounded.
Grinder barely misses you.
You barely miss Grinder.
Grinder is heavily wounded.
Grinder hits you.
You writhe in agony.
You closely miss Grinder.
Grinder is heavily wounded.
Grinder barely misses you.
You closely miss Grinder.
Grinder is heavily wounded.
Grinder gestures at you. Pain shoots through your body!
You die...

### #.. ##.## ...# ###..#
# # #....# . ##.##....###
############
#.......@5.#+#..........#
#######..#..........###.#
#........#..........+.#.#
##.#####.#..........#.#)#
#.......#.#+#..#####.#..
##........#...<......#..
#.###########.####..#..
#.#............#....#..
#..............#.##.#..


You could see Grinder.

Vanquished Creatures
  An orc priest (D:3)
  An orc wizard (D:3)
  A worm (D:2)
  A dart slug (D:2)
  7 orcs (D:3)
  5 endoplasms
  2 giant cockroaches (D:2)
  4 goblins
  A hobgoblin (D:1)
  A quokka (D:1)
  8 ball pythons
  4 bats
  2 frilled lizards
  A kobold (D:2)
  6 rats
45 creatures vanquished.

Notes
Turn   | Place    | Note
-------+----------+-------------------------------------------
     0 | D:1      | funnyparkerb the Merfolk Monk began the quest for the Orb.
     0 | D:1      | Reached XP level 1. HP: 18/18 MP: 1/1
   215 | D:1      | Reached skill level 4 in Long Blades
   329 | D:1      | Reached XP level 2. HP: 15/24 MP: 2/2
  1144 | D:2      | Reached XP level 3. HP: 29/29 MP: 3/3
  1193 | D:2      | Reached skill level 5 in Long Blades
  2035 | D:3      | Reached skill level 6 in Long Blades
  2035 | D:3      | Reached XP level 4. HP: 30/35 MP: 4/4
  2366 | D:3      | Identified the +1 ring mail of Veoguadim {Int+2}
  2614 | D:3      | Noticed Grinder
  2635 | D:3      | Killed from afar by Grinder

Illustrated notes

Levels and vault maps discovered:
D:1:      saegor_arrival_simple_c, layout_loops_ring, serial_bayou_pond_d,
          st_stairs_8, minmay_pentomino_q2
D:2:      layout_loops_ring, amcnicky_mini_pool_small
D:3:      layout_basic, minmay_misc_feat_four_crosses, uniq_grinder

Skill      XL: |  1  2  3 |
---------------+----------+-----
Long Blades    | 4 6 |  6.6
Fighting       | |  3.2
Dodging        | |  4.0
Stealth        | |  2.1

Action                   |  1- 3 |  4- 6 || total
-------------------------+-------+-------++-------
Melee: Falchion          |    94 |     7 ||   101
       Long sword        |       |    42 ||    42
       Punch             |       |     2 ||     2
 Stab: Sleeping          |     3 |     1 ||     4
Armor: Ring mail         |    35 |    17 ||    52
Dodge: Dodged            |    66 |    31 ||    97
